 Dungeon Crawl Stone Soup version 0.30-a0-743-gbfdf073431 (webtiles) character file.

Game seed: 14069678838211066060

1467 hikkokomori the Trooper (level 8, -5/65 HPs)
             Began as a Demonspawn Gladiator on Feb 8, 2023.
             Slain by Prince Ribbit (7 damage)
             ... on level 6 of the Dungeon.
             The game lasted 00:06:18 (4488 turns).

hikkokomori the Trooper (Demonspawn Gladiator)      Turns: 4488, Time: 00:06:19

Health: -5/65      AC:  5    Str: 16    XL:     8   Next: 48%
Magic:  12/12      EV: 11    Int:  9    God:
Gold:   326        SH:  0    Dex: 16    Spells: 10/13 levels left

rFire   + . .      SeeInvis .    a - +0 long sword
rCold   + . .      Faith    .    j - orb {light}
rNeg    + + .      Spirit   .    k - +0 ring mail of Recklessness {rN++}
rPois   .          Reflect  .    (helmet restricted)
rElec   .          Harm     .    l - scarf {rC+ rF+}
rCorr   +          Rampage  .    (no gloves)
Will    .....                    (no boots)
Stlth   +                        t - amulet of magic regeneration
HPRegen 0.30/turn                C - ring of resist corrosion
MPRegen 0.53/turn                (no ring)

@: glowing
A: antennae 1, hooves 1, ignite blood 1, powered by pain 2
a: no special abilities


You were on level 6 of the Dungeon.
You visited 1 branch of the dungeon, and saw 6 of its levels.

You collected 326 gold pieces.

Inventory:

Hand Weapons
 a - a +0 long sword (weapon)
Missiles
 d - 3 throwing nets (quivered)
 e - a javelin
Armour
 b - a +1 leather armour
 c - a +0 helmet
 j - an orb of light (worn)
 k - the +0 ring mail of Recklessness (worn) {rN++}
   (You found it on level 5 of the Dungeon)

   rN:        It greatly protects you from negative energy.
 l - a scarf of resistance (worn)
Jewellery
 q - a ring of positive energy
 t - an amulet of magic regeneration (around neck)
 y - an amulet of faith
 A - a ring of ice
 C - a ring of resist corrosion (left hand)
 I - a ring of magical power
Scrolls
 g - 2 scrolls of enchant armour
 h - a scroll of blinking {unknown}
 i - a scroll of brand weapon {unknown}
 m - 2 scrolls of silence {unknown}
 p - a scroll of enchant weapon {unknown}
 v - 4 scrolls of identify
 z - 2 scrolls of poison {unknown}
 B - a scroll of fear {unknown}
 D - 2 scrolls of magic mapping {unknown}
 H - a scroll of vulnerability {unknown}
Potions
 f - 2 potions of might
 n - a potion of magic {unknown}
 o - 4 potions of lignification
 r - 2 potions of flight
 s - a potion of berserk rage {unknown}
 u - a potion of resistance {unknown}
 w - 2 potions of attraction {unknown}
 x - 2 potions of curing
 E - 2 potions of haste {unknown}
 F - 2 potions of ambrosia {unknown}
 G - a potion of mutation {unknown}


   Skills:
 + Level 6.6 Fighting
 - Level 5.2 Long Blades
 - Level 1.7 Throwing
 - Level 2.6 Dodging
 - Level 0.4 Stealth
 + Level 3.2 Spellcasting
 + Level 3.6 Conjurations
 + Level 3.3 Earth Magic


You had 10 spell levels left.
You knew the following spells:

 Your Spells              Type           Power      Damage    Failure   Level
a - Stone Arrow           Conj/Erth      14%        3d7       38%         3

Your spell library contained the following spells:

 Spells                   Type           Power      Damage    Failure   Level
 Sandblast                Erth           14%        2d6       14%         1
 Kiss of Death            Conj/Necr      16%        2d6       26%         1
 Passwall                 Tmut/Erth      3%         N/A       41%         2
 Summon Small Mammal      Summ           4%         N/A       50%         1
 Dazzling Flash           Conj/Hex       8%         N/A       63%         3
 Call Canine Familiar     Summ           1%         N/A       86%         3
 Confusing Touch          Hex            1%         N/A       86%         3
 Summon Guardian Golem    Hex/Summ       1%         N/A       86%         3
 Iskenderun's Mystic Bla  Conj/Tloc      4%         2d3       95%         4
 Dispel Undead            Necr           1%         3d6       99%         4
 Starburst                Conj/Fire      2%         6d3       100%        6
 Malign Gateway           Summ/Tloc      0%         N/A       100%        7
 Summon Horrible Things   Summ           0%         N/A       100%        8


Dungeon Overview and Level Annotations

Branches:
Dungeon (6/15)
 Temple: D:4-7

Altars:
Gozag
Ru
Yredelemnul

Shops:
D:1 *   D:2 *

Annotations:
D:4 1 runed translucent door
D:6 Prince Ribbit


Innate Abilities, Weirdness & Mutations

You have a pair of small antennae on your head.
You have large cloven feet.
Your demonic aura sometimes causes spilled blood to erupt in flames.
You sometimes gain power by taking damage.


Message History

You hit the phantom. You kick the phantom.
You destroy the phantom!
Prince Ribbit closely misses you.
You barely miss Prince Ribbit. Prince Ribbit hits you! x2
You are too injured to fight recklessly!
You are too injured to fight recklessly!
You are too injured to fight recklessly!
You are too injured to fight recklessly!
You are too injured to fight recklessly!
You are too injured to fight recklessly!
You are too injured to fight recklessly!
You are too injured to fight recklessly!
You are too injured to fight recklessly!
You are too injured to fight recklessly!
You are too injured to fight recklessly!
You are too injured to fight recklessly!
You are too injured to fight recklessly!
You are too injured to fight recklessly!
You are too injured to fight recklessly!
You are too injured to fight recklessly!
You are too injured to fight recklessly!
You are too injured to fight recklessly!
You are too injured to fight recklessly!
You are too injured to fight recklessly!
You hit Prince Ribbit but do no damage.
You kick Prince Ribbit, but do no damage.
Prince Ribbit hits you but does no damage.
Prince Ribbit hits you!
* * * LOW HITPOINT WARNING * * *
You barely miss Prince Ribbit. Prince Ribbit closely misses you.
Press: ? - help, v - describe, . - travel
Here: Prince Ribbit (haloed)
The floor.
You aren't carrying any items that you can evoke.
Unknown command.
Unknown command.
You hit Prince Ribbit but do no damage. Prince Ribbit hits you!
* * * LOW HITPOINT WARNING * * *
Prince Ribbit hits you!
You die...

.... ##........#
##.........#
##..........#
########...........#
###.....#............#
......$.#............#
........#............#
........#......F@....#
..........>..........#
.....................#
...###.#....####.#####
...# #.........#.#
...# #####.....#.#
..<# #.....#...#..
...# #.##..#...###
...###.##..#....#


You could see Prince Ribbit.

Vanquished Creatures
  Eustachio (D:4)
  Menkaure (D:5)
  An ice beast (D:5)
  2 black bears
  An ogre (D:5)
  The ghost of Loveship the Magician, an amateur DjFE (D:4)
  2 phantoms
  2 scorpions
  A howler monkey (D:5)
  2 orc priests (D:6)
  3 hounds (D:5)
  A gnoll bouda (D:5)
  An iguana (D:5)
  3 gnolls (D:6)
  7 adders
  8 river rats (D:5)
  An ufetubus (D:5)
  2 worms
  2 dart slugs (D:4)
  5 orcs
  4 bats
  4 endoplasms
  6 giant cockroaches
  4 goblins
  4 hobgoblins
  8 jackals
  7 kobolds
  11 quokkas
  2 ball pythons
  A frilled lizard (D:2)
  24 rats
122 creatures vanquished.

Notes
Turn   | Place    | Note
-------+----------+-------------------------------------------
     0 | D:1      | hikkokomori the Demonspawn Gladiator began the quest for
                  | the Orb.
     0 | D:1      | Reached XP level 1. HP: 16/16 MP: 1/1
     0 | D:1      | Noticed an ice dragon
     1 | D:1      | Noticed a large abomination
     2 | D:1      | Noticed a shadow dragon
     4 | D:1      | Noticed an ice dragon
     7 | D:1      | Noticed a tentacled monstrosity
     8 | D:1      | Noticed a tentacled monstrosity
     9 | D:1      | Noticed a tentacled monstrosity
    11 | D:1      | Noticed a tentacled monstrosity
    11 | D:1      | Noticed a red draconian
    13 | D:1      | Noticed an ice dragon
    15 | D:1      | Noticed a white draconian
    15 | D:1      | Noticed a shadow dragon
    17 | D:1      | Noticed an iron dragon
    17 | D:1      | Noticed a large abomination
    17 | D:1      | Noticed a shadow dragon
    19 | D:1      | Noticed a red draconian
    19 | D:1      | Noticed an orb of fire
    21 | D:1      | Noticed an ice dragon
   255 | D:1      | Found Umanuets's Assorted Antiques.
   424 | D:2      | Gained mutation: Your demonic aura sometimes causes spilled
                  | blood to erupt in flames. [demonic ancestry]
   424 | D:2      | Reached XP level 2. HP: 23/23 MP: 2/2
   516 | D:2      | Found Xubas's General Store.
   623 | D:2      | Gained mutation: You sometimes gain a little power by
                  | taking damage. [demonic ancestry]
   623 | D:2      | Reached XP level 3. HP: 22/28 MP: 3/3
   724 | D:2      | Found a faded altar of an unknown god.
   726 | D:2      | Noticed a shining eye
   966 | D:2      | Noticed a golden eye
   971 | D:2      | Noticed a floating eye
   974 | D:2      | Noticed a floating eye
   979 | D:2      | Reached skill level 3 in Fighting
  1348 | D:3      | Discovered your monstrous ancestry.
  1348 | D:3      | Gained mutation: You have large cloven feet. [demonic
                  | ancestry]
  1348 | D:3      | Reached XP level 4. HP: 35/35 MP: 4/4
  2182 | D:4      | Found a runed translucent door.
  2417 | D:4      | Found a basalt altar of Yredelemnul.
  2467 | D:4      | Noticed Eustachio
  2471 | D:4      | Killed Eustachio
  2472 | D:4      | Reached skill level 4 in Fighting
  2472 | D:4      | Reached XP level 5. HP: 29/43 MP: 5/5
  2626 | D:4      | Found a runed translucent door.
  2627 | D:4      | Noticed Loveship's ghost (amateur DjFE)
  2754 | D:4      | Killed Loveship's ghost
  2755 | D:4      | Gained mutation: You have a pair of small antennae on your
                  | head. [demonic ancestry]
  2755 | D:4      | Reached XP level 6. HP: 30/50 MP: 6/6
  2821 | D:5      | Entered Level 5 of the Dungeon
  2888 | D:5      | Reached skill level 5 in Fighting
  2888 | D:5      | Reached skill level 5 in Long Blades
  2950 | D:5      | Learned a level 3 spell: Stone Arrow
  2959 | D:5      | Found a sacrificial altar of Ru.
  3094 | D:5      | Reached XP level 7. HP: 56/56 MP: 7/7
  3149 | D:5      | Found an opulent altar of Gozag.
  3302 | D:5      | HP: 1/56 [river rat (8)]
  3303 | D:5      | Reached skill level 1 in Spellcasting
  3303 | D:5      | Reached skill level 1 in Conjurations
  3303 | D:5      | Reached skill level 1 in Earth Magic
  3341 | D:5      | Reached skill level 6 in Fighting
  3556 | D:5      | Identified the +0 ring mail of Recklessness {rN++}
  3804 | D:5      | Noticed Menkaure
  3810 | D:5      | Killed Menkaure
  3811 | D:5      | Gained mutation: You sometimes gain power by taking damage.
                  | [demonic ancestry]
  3811 | D:5      | Reached XP level 8. HP: 41/64 MP: 11/11
  4477 | D:6      | Noticed Prince Ribbit
  4488 | D:6      | HP: 2/65 [Prince Ribbit (7)]
  4488 | D:6      | Slain by Prince Ribbit

Illustrated notes

Levels and vault maps discovered:
D:1:      shiori_arrival_whats_in_store_for_you, layout_rooms, serial_shops,
          nicolae_shop_overgrown_old_shop
D:2:      layout_loops_ring, hellmonk_ecumenical_altar_watching_god,
          serial_shops, shop
D:3:      layout_basic, kennysheep_generic_room_11
D:4:      layout_loops_ring, yredelemnul_altar_generic, ebering_ghost_sewer_f,
          uniq_eustachio
D:5:      lemuel_ratsnest, layout_loops_ring, nicolae_gozag_seed_capital,
          mainiacjoe_overflow_24_doors, uniq_menkaure
D:6:      layout_basic, mainiacjoe_overflow_cross_hatched,
          minmay_temple_entry_drinking_statues, grunt_decor_one_mirror,
          nicolae_shop_dragon_depot, uniq_prince_ribbit1

Skill      XL: |  1  2  3  4  5  6  7  8 |
---------------+-------------------------+-----
Long Blades    | 3 4 5 |  5.2
Fighting       | 3 4 5 6 |  6.6
Spellcasting   | 2 3 |  3.2
Conjurations   | 2 3 |  3.6
Earth Magic    | 2 3 |  3.3
Throwing       | |  1.7
Dodging        | |  2.6
Stealth        | |  0.4

Action                     |  1- 3 |  4- 6 |  7- 9 || total
---------------------------+-------+-------+-------++-------
  Melee: Long sword        |    87 |    79 |   128 ||   294
         Kick              |       |    27 |    43 ||    70
  Throw: Javelin           |       |     1 |       ||     1
         Throwing net      |       |     1 |       ||     1
    Use: Scroll            |     4 |       |     1 ||     5
         Potion            |       |     1 |     3 ||     4
 Armour: Leather armour    |    24 |    15 |    16 ||    55
         Ring mail         |       |       |     6 ||     6
  Dodge: Dodged            |    60 |    57 |   103 ||   220

Table legend: (Time is in decaauts)
 A = Elapsed time spent in this place.
 B = Non-inter-level travel time spent in this place.
 C = Inter-level travel time spent in this place.
 D = Time resting spent in this place.
 E = Time spent auto-exploring this place.
 F = Levels seen in this place.
 G = Mean time per level.
                   A        B        C        D        E       F      G
               +--------+--------+--------+--------+--------+-----+--------+
         Total |   4598 |   4401 |    197 |    263 |   3381 |   6 |  766.3 |
       Dungeon |   4598 |   4401 |    197 |    263 |   3381 |   6 |  766.3 |
               +--------+--------+--------+--------+--------+-----+--------+

Top non-repeatable levels by time:
     D:5: 1402 daAuts
     D:4: 937 daAuts
     D:3: 924 daAuts
     D:2: 624 daAuts
     D:1: 417 daAuts
     D:6: 292 daAuts
